 Dungeon Sprint DCSS version 0.31-a0-620-gd1cbd99268 (webtiles) character file.

Game seed: 9321585588650332197

329 zazu2006 the Fighter (level 6, -2/62 HPs)
             Began as a Ghoul Berserker on Aug 23, 2023.
             Was an Elder of Trog.
             Slain by a two-headed ogre
             ... wielding a +0 giant club
              (6 damage)
             ... in the Dungeon (Sprint IX: "|||||||||||||||||||||||||||||").
             The game lasted 00:01:43 (232 turns).

zazu2006 the Fighter (Ghoul Berserker)               Turns: 232, Time: 00:01:44

Health: -2/62      AC: 10    Str: 20    XL:     6   Next: 51%
Magic:  5/5        EV: 14    Int:  3    God:    Trog [****..]
Gold:   0          SH:  0    Dex: 10    Spells: 5/5 levels left

rFire   . . .        j - +7 lajatang of Order {silver, rMut}
rCold   + . .        (shield currently unavailable)
rNeg    + + +        l - +2 ring mail
rPois   ∞            (no helmet)
rElec   .            (no cloak)
rCorr   .            k - +0 pair of gloves
SInv    .            (no boots)
Will    ++...        (no amulet) Stlth
                     m - +2 ring of evasion
HPRegen 1.00/turn    n - +2 ring of protection
MPRegen 0.09/turn

%: no teleportation, resist mutation
@: strong-willed, regenerating
A: claws 1, cold resistance 1, negative energy resistance 3, inhibited
regeneration, torment resistance 2, devour on kill
a: Renounce Religion, Trog's Hand, Brothers in Arms


You were in the Dungeon.
You worshipped Trog.
Trog was greatly pleased with you.
You visited 1 branch

Inventory:

Hand Weapons
 a - a +0 falchion
 j - the +7 lajatang of Order (weapon) {silver, rMut}
   (You found it in the Dungeon)

   rMut:      It protects you from mutation.
Armour
 b - a +0 animal skin
 k - a +0 pair of gloves (worn)
 l - a +2 ring mail (worn)
Jewellery
 m - a +2 ring of evasion (left hand)
 n - a +2 ring of protection (right hand)
Wands
 i - a wand of acid (10)
Scrolls
 g - 2 scrolls of blinking
Potions
 c - 5 potions of curing
 d - a potion of invisibility
 e - a potion of haste
 f - 4 potions of magic
 h - a potion of heal wounds


   Skills:
 + Level 8.8 Fighting
 + Level 8.4 Long Blades
 + Level 2.0 Staves
 + Level 3.2 Armour
 + Level 5.3 Dodging


You had 5 spell levels left.
You didn't know any spells.
Your spell library was empty.

Dungeon Overview and Level Annotations

Branches:
Dungeon (1/1)

Altars:
Cheibriados
Dithmenos
Fedhas
Gozag
Hepliaklqana
Kikubaaqudgha
Makhleb
Nemelex Xobeh
Okawaru
Qazlal
Ru
Sif Muna
Trog
Uskayaw
Vehumet
Wu Jian
Xom
Yredelemnul
Jiyva
Lugonu


Innate Abilities, Weirdness & Mutations

You are immune to poison.
You have sharp fingernails.
Your flesh is cold resistant. (rC+)
You are immune to negative energy. (rN+++)
You do not regenerate when monsters are visible.
You are immune to unholy pain and torment.
You thrive by killing the living.


Message History

Unknown command.
Unknown command.
You closely miss the wyvern.
The wyvern bites you but does no damage.
The wyvern bites you!
You barely miss the wyvern. The wyvern misses you.
The wyvern barely misses you.
You slice the wyvern!!
The wyvern is almost dead.
The wyvern bites you. The wyvern misses you.
You barely miss the wyvern.
The wyvern is almost dead.
The wyvern misses you. The wyvern bites you!
You closely miss the wyvern.
The wyvern is almost dead.
The wyvern bites you. x2
You slash the wyvern!
You kill the wyvern!
Trog accepts your kill.
The two-headed ogre hits you with a +0 giant club!
* * * LOW HITPOINT WARNING * * *
The two-headed ogre misses you.
Your Fighting skill increases to level 8!
Your Long Blades skill increases to level 8!
Your Staves skill gained 2 levels and is now at level 2!
Your Armour skill increases to level 3!
Your Dodging skill increases to level 5!
You have reached level 6!
You feel much better.
Your skin crawls.
You feel strong-willed.
The two-headed ogre hits you with a +0 giant club!!
* * * LOW HITPOINT WARNING * * *
The two-headed ogre hits you with a +0 giant spiked club.
* * * LOW HITPOINT WARNING * * *
Unknown command.
You slice the two-headed ogre!!
The two-headed ogre is heavily wounded.
The two-headed ogre hits you with a +0 giant club.
You die... ▓▓▓▓▓▓▓▓▓▓▓▓▓▓▓▓▓▓▓▓▓▓▓▓ +..Y{oO@...[..)?.'______ ▓▓▓▓▓▓▓▓▓▓▓▓▓▓▓▓▓▓▓▓▓▓▓▓

You could see a two-headed ogre, a yak and an orc warrior.

Vanquished Creatures
  A wyvern (D)
  A centaur (D)
  2 hounds (D)
  An orc wizard (D)
  A gnoll (D)
  A dart slug (D)
  An orc (D)
  An endoplasm (D)
  A giant cockroach (D)
  A frilled lizard (D)
  A rat (D)
12 creatures vanquished.

Notes
Turn   | Place    | Note
-------+----------+-------------------------------------------
     0 | D        | zazu2006 the Ghoul Berserker began the quest for the Orb.
     0 | D        | Reached XP level 1. HP: 19/19 MP: 0/0
    17 | D        | Reached ** piety under Trog
    21 | D        | Reached XP level 2. HP: 24/27 MP: 1/1
    46 | D        | Reached skill level 5 in Fighting
    46 | D        | Reached XP level 3. HP: 24/36 MP: 2/2
    49 | D        | Reached *** piety under Trog
    50 | D        | Reached skill level 5 in Long Blades
    54 | D        | Reached XP level 4. HP: 15/44 MP: 3/3
    70 | D        | Reached **** piety under Trog
   155 | D        | Found a snail-covered altar of Cheibriados.
   155 | D        | Found a shadowy altar of Dithmenos.
   155 | D        | Found a blossoming altar of Fedhas.
   155 | D        | Found an opulent altar of Gozag.
   156 | D        | Found a hazy altar of Hepliaklqana.
   157 | D        | Found a viscous altar of Jiyva.
   158 | D        | Found an ancient bone altar of Kikubaaqudgha.
   159 | D        | Found a corrupted altar of Lugonu.
   160 | D        | Found a burning altar of Makhleb.
   161 | D        | Found a sparkling altar of Nemelex Xobeh.
   162 | D        | Found an iron altar of Okawaru.
   163 | D        | Found a stormy altar of Qazlal.
   164 | D        | Found a sacrificial altar of Ru.
   165 | D        | Found a shimmering blue altar of Sif Muna.
   166 | D        | Found a bloodstained altar of Trog.
   167 | D        | Found a hide-covered altar of Uskayaw.
   168 | D        | Found a radiant altar of Vehumet.
   169 | D        | Found an ornate altar of the Wu Jian Council.
   170 | D        | Found a shimmering altar of Xom.
   171 | D        | Found a basalt altar of Yredelemnul.
   181 | D        | Found the +7 lajatang of Order {silver, rMut}
   220 | D        | Noticed a yak
   220 | D        | Noticed a vampire
   220 | D        | Noticed a two-headed ogre
   220 | D        | Noticed an orc warrior
   220 | D        | Noticed a wyvern
   220 | D        | Noticed a centaur
   223 | D        | Killed a centaur
   224 | D        | Reached XP level 5. HP: 48/53 MP: 4/4
   229 | D        | Killed a wyvern
   230 | D        | Reached skill level 5 in Dodging
   230 | D        | Reached XP level 6. HP: 9/62 MP: 5/5
   231 | D        | HP: 3/62 [two-headed ogre/+0 giant club (1)]
   232 | D        | Slain by a two-headed ogre

Illustrated notes

Levels and vault maps discovered:
D:        linesprint [early_d, line_temple, items_1, d_10, items_2, lair_1,
          lair_end, items_3, orc_1, orc_end, items_4, d_15, swamp_1, shoals_1,
          snake_1, spider_1, d_20, vaults_1, items_5, swamp_end, shoals_end,
          snake_end, spider_end, vaults_end, d_27, items_6, zot_1, zot_end,
          crypt_end, forest_end, elf_end, slime_end, tomb_end, abyss_end,
          pan_hell_end]

Skill      XL: |  1  2  3  4  5 |
---------------+----------------+-----
Long Blades    | 3 4 5 7 8 |  8.4
Armour         | 2 3 |  3.2
Dodging        | 2 3 4 5 |  5.3
Fighting       | 4 5 6 7 8 |  8.8
Staves         | 2 |  2.0

Action                     |  1- 3 |  4- 6 || total
---------------------------+-------+-------++-------
  Melee: Falchion          |    31 |    16 ||    47
         Lajatang          |       |     9 ||     9
 Invoke: Trog's Hand       |       |     1 ||     1
    Use: Potion            |       |     2 ||     2
 Armour: Animal skin       |     2 |       ||     2
         Ring mail         |       |     7 ||     7
  Dodge: Dodged            |    19 |    12 ||    31

Table legend: (Time is in decaauts)
 A = Elapsed time spent in this place.
 B = Non-inter-level travel time spent in this place.
 C = Inter-level travel time spent in this place.
 D = Time resting spent in this place.
 E = Time spent auto-exploring this place.
 F = Levels seen in this place.
 G = Mean time per level.
                   A        B        C        D        E       F      G
               +--------+--------+--------+--------+--------+-----+--------+
         Total |    237 |    237 |      0 |      0 |    114 |   1 |  237.0 |
       Dungeon |    237 |    237 |      0 |      0 |    114 |   1 |  237.0 |
               +--------+--------+--------+--------+--------+-----+--------+

Top non-repeatable levels by time:
       D: 237 daAuts
